 Dungeon Crawl Stone Soup version 0.23-a0-619-g281719c (console) character file.

160759 Duffy the Naga Aeon (level 17, -25/163 HPs)
             Began as a Naga Wizard on Dec 22, 2018.
             Was the Champion of Cheibriados.
             Killed from afar by Roxanne (33 damage)
             ... with a crystal spear
             ... on level 14 of the Dungeon.
             The game lasted 00:53:53 (32855 turns).

Duffy the Naga Aeon (Naga Wizard)                  Turns: 32855, Time: 00:53:54

Health: -25/163    AC: 22    Str: 25    XL:     17   Next: 77%
Magic:  31/31      EV: 23    Int: 38    God:    Cheibriados [******]
Gold:   1418       SH: 14    Dex: 27    Spells: 23/36 levels left

rFire    + . .     SeeInvis +   b - +5 war axe (vamp)
rCold    + . .     Gourm    .   C - +1 shield {reflect}
rNeg     . . .     Faith    .   D - +2 robe {rC+ rF+}
rPois    +         Spirit   .   k - +2 helmet
rElec    .         Reflect  +   (no cloak)
rCorr    .         Harm     +   j - +0 pair of gloves
MR       ++...                  c - +4 naga barding
Stlth    +++.......             G - amulet of harm
HPRegen  0.37/turn              W - +5 ring of evasion
MPRegen  0.22/turn              x - +5 ring of slaying

@: very slow
A: large, see invisible, deformed body, poison resistance, slowness 2, slow
metabolism 1, spit poison 1, constrict 1, AC +5
a: Spit Poison, Bend Time, Temporal Distortion, Slouch, Step From Time, Renounce
Religion


You were on level 14 of the Dungeon.
You worshipped Cheibriados.
Cheibriados was exalted by your worship.
You were not hungry.

You visited 5 branches of the dungeon, and saw 27 of its levels.

You collected 2659 gold pieces.
You spent 1241 gold pieces at shops.

Inventory:

Hand Weapons
 a - a +0 broad axe of flaming
 b - a +5 vampiric war axe (weapon)
 Q - a +0 blowgun
Missiles
 z - 9 curare-tipped needles
 H - a throwing net (quivered)
Armour
 c - a +4 naga barding (worn)
 j - a +0 pair of gloves (worn)
 k - a +2 helmet (worn)
 C - a +1 shield of reflection (worn)
 D - a +2 robe of resistance (worn)
 I - +0 fire dragon scales
Jewellery
 u - an uncursed ring of protection from fire
 x - a +5 ring of slaying (right hand)
 G - an amulet of harm (around neck)
 O - an uncursed ring of protection from magic
 T - an uncursed ring of resist corrosion
 W - a +5 ring of evasion (left hand)
Wands
 s - a wand of iceblast (4)
 t - a wand of enslavement (12)
 S - a wand of polymorph (24)
 V - a wand of flame (31)
 Z - a wand of disintegration (1)
Scrolls
 g - 9 scrolls of remove curse
 h - 4 scrolls of identify
 l - 3 scrolls of fog
 p - 4 scrolls of fear
 q - 5 scrolls of magic mapping
 w - 3 scrolls of enchant weapon
 y - 4 scrolls of amnesia
 A - 3 scrolls of blinking
 E - a scroll of holy word
 F - 13 scrolls of teleportation
 M - 4 scrolls of immolation
 N - 6 scrolls of enchant armour
 P - 4 scrolls of summoning
 Y - a scroll of vulnerability
Potions
 e - a potion of ambrosia
 f - 3 potions of cancellation
 m - 3 potions of magic
 n - 3 potions of mutation
 o - 3 potions of flight
 r - 9 potions of curing
 B - 4 potions of brilliance
 J - 2 potions of might
 K - 6 potions of agility
 L - 3 potions of heal wounds
Miscellaneous
 i - a box of beasts
 v - a phial of floods
 U - a sack of spiders
Comestibles
 d - 26 rations
 R - 2 chunks of flesh


   Skills:
 - Level 13.0 Fighting
 * Level 11.9 Axes
 - Level 6.0 Armour
 - Level 10.0 Dodging
 - Level 3.0 Stealth
 - Level 9.0 Shields
 - Level 10.0 Spellcasting
 - Level 4.0 Conjurations
   Level 1.0 Summonings
 - Level 1.0 Translocations
 - Level 4.8 Fire Magic
 - Level 4.0 Poison Magic
 - Level 14.0 Invocations
 - Level 10.0 Evocations


You had 23 spell levels left.
You knew the following spells:

 Your Spells              Type           Power        Failure   Level  Hunger
b - Blink                 Tloc           N/A          1%          2    None
h - Magic Dart            Conj           ####         1%          1    None
j - Sticky Flame          Conj/Fire      ######..     3%          4    None
k - Mephitic Cloud        Conj/Pois/Air  #####...     1%          3    None
l - Conjure Flame         Conj/Fire      ######..     1%          3    None

Your spell library contained the following spells:

 Spells                   Type           Power        Failure   Level  Hunger
 Flame Tongue             Conj/Fire      #####        1%          1    None
 Freeze                   Ice            ###.         1%          1    None
 Call Imp                 Summ           ####....     1%          2    None
 Throw Flame              Conj/Fire      ######       1%          2    None
 Throw Frost              Conj/Ice       ####..       1%          2    None
 Inner Flame              Hex/Fire       #####...     2%          3    None
 Stone Arrow              Conj/Erth      ####..       2%          3    None
 Corpse Rot               Necr           N/A          3%          2    None
 Slow                     Hex            ###.....     3%          2    None
 Recall                   Summ/Tloc      N/A          4%          3    None
 Ozocubu's Armour         Chrm/Ice       ###.....     6%          3    None
 Throw Icicle             Conj/Ice       ####....     9%          4    None
 Fireball                 Conj/Fire      ######....   9%          5    #......
 Summon Ice Beast         Ice/Summ       ###.....     16%         4    None
 Leda's Liquefaction      Hex/Erth       ###.......   21%         4    None
 Aura of Abjuration       Summ           ####......   36%         5    #......
 Summon Demon             Summ           ####......   36%         5    #......
 Summon Forest            Summ/Tloc      ####......   36%         5    #......
 Summon Mana Viper        Hex/Summ       ###.....     41%         5    #......
 Shadow Creatures         Summ           N/A          90%         6    ####...
 Hydra Form               Tmut           ###.......   97%         6    ####...
 Summon Hydra             Summ           ####......   100%        7    ######.


Dungeon Overview and Level Annotations

Branches:
Dungeon (15/15)            Temple (1/1) D:5            Lair (6/6) D:10
  Swamp (0/4) Lair:4        Snake (0/4) Lair:3        Slime (0/5) Lair:6
    Orc (2/2) D:10            Elf (3/3) Orc:2        Depths (0/5) D:15
 Vaults: D:13-14

Altars:
Ashenzari
Cheibriados
Dithmenos
Elyvilon
Fedhas
Gozag
Hepliaklqana
Kikubaaqudgha
Makhleb
Nemelex Xobeh
Okawaru
Qazlal
Ru
Sif Muna
Trog
Uskayaw
Vehumet
Wu Jian
Xom
Yredelemnul
Zin
The Shining One
Beogh
Jiyva

Shops:
Orc:2 (}??   Elf:1 [   Elf:2 [   Elf:3 ?

Portals:
Pandemonium: Orc:2
Trove: Elf:3 (give +6 demon whip)

Annotations:
D:14 exclusion: Roxanne, Roxanne
Lair:3 exclusion: oklob plant
Orc:1 3 runed doors, exclusion: obsidian statue, Arthanis's ghost, journeyman DEFE
Elf:3 1 exclusion


Innate Abilities, Weirdness & Mutations

You cannot wear boots.
Your serpentine skin is tough. (AC +5)
You have supernaturally acute eyesight. (SInv)
Armour fits poorly on your strangely shaped body.
Your system is resistant to poisons. (rPois)
You cover ground very slowly.
You have a slow metabolism.
You can spit poison.
You can use your snake-like lower body to constrict enemies.


Message History

You hit Roxanne.
Roxanne is heavily damaged.
You constrict Roxanne. You hit Roxanne but do no damage.
Roxanne is heavily damaged.
You constrict Roxanne.
Roxanne mumbles some strange words.
The iron shot hits you!
You slash Roxanne!
Roxanne is severely damaged.
You constrict Roxanne! You completely miss Roxanne.
Roxanne is severely damaged.
You constrict Roxanne! You slash Roxanne!
Roxanne is almost destroyed.
You constrict Roxanne!!
Roxanne casts a spell.
The crystal spear hits you!
You die...

....
..........#.#..######
...
##.##......#.##....#
..
..........#.##...<#
.#. #.............#
###.##........#....#
####........####....#
^.)......##..# #....#
#.....(...# ######
#..8@%##### ##....#
.....##.# ####. ..# #
###


You could see Roxanne.

Vanquished Creatures
  A deep elf blademaster (Elf:2)
  Agnes (Elf:2)
  Donald (Elf:2)
  A frost giant (D:11)
  2 deep elf sorcerers (Elf:1)
  A deep elf demonologist (Elf:1)
  2 deep elf annihilators (Elf:1)
  2 ettins
  A fire dragon (Lair:6)
  Josephine (Orc:2)
  2 ogre magi
  3 hydras
  The ghost of Lanoc the Cleaver, a journeyman HuSk of Makhleb (D:11)
  4 vault guards (D:13)
  9 two-headed ogres
  4 centaur warriors
  2 tengu warriors
  23 dancing weapons
  6 orc high priests
  Urug (Lair:3)
  A sun demon (Orc:2)
  A soul eater (Orc:2)
  Sonja (Lair:4)
  28 deep elf knights
  A hell knight (Elf:2)
  10 deep elf archers
  An infernal demonspawn (Orc:2)
  A torturous demonspawn (Orc:2)
  A swamp dragon (shapeshifter) (Elf:2)
  3 unseen horrors
  3 wizards (D:14)
  A lindwurm (Lair:6)
  5 orc knights (Orc:2)
  8 ugly things
  A manticore (D:14)
  4 cyclopes
  47 deep elf magi
  14 elephants
  9 orc sorcerers
  Joseph (D:9)
  9 black mambas
  A torpor snail (Lair:4)
  3 molten gargoyles (Lair:6)
  4 gargoyles
  7 spiny frogs
  9 komodo dragons
  A kobold demonologist (D:11)
  A red devil (Orc:2)
  A yaktaur (D:15)
  3 freezing wraiths
  11 trolls
  A tengu conjurer (D:13)
  A harpy zombie (D:13)
  A meliai (shapeshifter) (Elf:1)
  A tyrant leech (Lair:4)
  2 polar bears
  Prince Ribbit (D:7)
  8 slime creatures
  8 hippogriffs
  A hornet (D:7)
  A hippogriff (shapeshifter) (D:14)
  5 blink frogs (Lair:3)
  4 water elementals
  A shadow (D:15)
  5 wraiths (Orc:2)
  A vampire (D:14)
  A wyvern (shapeshifter) (D:15)
  4 air elementals
  25 yaks
  A fire elemental (Elf:1)
  2 basilisks
  4 wyverns
  A hungry ghost (D:11)
  3 steam dragons (Lair:6)
  6 vampire mosquitoes
  Menkaure (D:6)
  A neqoxec (Orc:2)
  17 wargs
  4 hell hounds (Lair:6)
  An acid dragon (D:14)
  A naga (Lair:3)
  10 water moccasins
  A soldier ant (D:14)
  Duvessa (D:7)
  38 orc warriors
  5 porcupines
  A black bear (D:11)
  3 ice beasts
  3 sky beasts
  A hornet zombie (D:6)
  2 eyes of draining
  3 phantoms
  A necrophage (D:14)
  16 ogres
  14 centaurs
  3 wolves (Lair:3)
  6 crocodiles
  Blork the orc (D:5)
  4 big kobolds
  22 bullfrogs
  A wyvern zombie (D:10)
  A water moccasin zombie (D:6)
  4 earth elementals
  Dowan (D:7)
  A wyvern skeleton (D:13)
  6 scorpions
  14 killer bees
  13 wights
  6 howler monkeys
  6 crimson imps
  A bullfrog zombie (D:5)
  5 lava snakes (Lair:6)
  A quasit (D:12)
  26 orc priests
  6 hounds
  12 jellies
  2 bullfrog skeletons
  13 orc wizards
  3 centaur skeletons
  5 centaur zombies
  6 iguanas
  Ijyb (D:4)
  7 hell rats (Lair:6)
  11 worker ants
  A hound zombie (D:6)
  A worker ant zombie (D:11)
  3 gnolls
  19 adders
  5 shadow imps
  An ooze (D:3)
  4 adder skeletons
  2 worms (D:3)
  2 dart slugs
  5 leopard geckos
  130 orcs
  14 bats
  3 giant cockroaches
  6 goblins
  8 hobgoblins
  7 jackals
  4 quokkas
  2 ball pythons
  A jackal skeleton (D:8)
  15 kobolds
  8 rats
  2 fungi
  2 plants
904 creatures vanquished.

Vanquished Creatures (collateral kills)
  A cyclops (D:11)
  A crimson imp (D:11)
2 creatures vanquished.

Vanquished Creatures (others)
  Nessos (D:14)
  2 deep elf knights
  A deep elf archer (Elf:2)
  A cyclops (D:12)
  2 deep elf magi
  2 water elementals (Elf:1)
  2 centaurs
  A bush (Lair:6)
  10 fungi
  7 plants
29 creatures vanquished.

Grand Total: 935 creatures vanquished

Notes
Turn   | Place    | Note
-------+----------+-------------------------------------------
     0 | D:1      | Duffy the Naga Wizard began the quest for the Orb.
     0 | D:1      | Reached XP level 1. HP: 15/15 MP: 4/4
   180 | D:1      | Reached XP level 2. HP: 22/22 MP: 4/6
   184 | D:1      | Learned a level 2 spell: Blink
   993 | D:2      | Reached XP level 3. HP: 28/28 MP: 1/7
  1007 | D:1      | Learned a level 3 spell: Conjure Flame
  1142 | D:2      | Learned a level 3 spell: Mephitic Cloud
  1326 | D:2      | Found a stormy altar of Qazlal.
  1590 | D:2      | Reached skill level 1 in Poison Magic
  1988 | D:3      | Reached XP level 4. HP: 36/36 MP: 6/9
  2017 | D:3      | Reached skill level 1 in Fire Magic
  2333 | D:3      | You fall through a shaft for 2 floors!
  2333 | D:5      | Entered Level 5 of the Dungeon
  2333 | D:5      | Found a staircase to the Ecumenical Temple.
  2334 | D:5      | Noticed a centaur
  2494 | D:5      | Reached XP level 5. HP: 34/42 MP: 1/10
  2860 | D:5      | Killed a centaur
  2860 | D:5      | Reached XP level 6. HP: 44/49 MP: 7/11
  2871 | Temple   | Entered the Ecumenical Temple
  3022 | Temple   | Became a worshipper of Cheibriados the Contemplative
  3205 | D:4      | Got a bloodstained short sword
  3206 | D:4      | Identified the cursed +0 short sword of Utseoc {elec,
                  | Str+3} (You found it on level 4 of the Dungeon)
  3212 | D:4      | Found a basalt altar of Yredelemnul.
  3657 | D:3      | Reached skill level 1 in Fighting
  3823 | D:3      | Reached XP level 7. HP: 53/57 MP: 12/12
  4296 | D:4      | Reached * piety under Cheibriados
  4382 | D:4      | Noticed Ijyb
  4398 | D:4      | Killed Ijyb
  4875 | D:5      | Reached skill level 1 in Shields
  5229 | D:5      | Found a glowing silver altar of Zin.
  5543 | D:5      | Reached XP level 8. HP: 68/68 MP: 11/13
  5945 | D:6      | Noticed Menkaure
  6259 | D:6      | Reached ** piety under Cheibriados
  6634 | D:6      | Reached skill level 5 in Fighting
  6919 | D:6      | Killed Menkaure
  7026 | D:6      | Found the +7 Singing Sword {slice, sonic wave}
  7118 | D:6      | Reached *** piety under Cheibriados
  7118 | D:6      | Reached XP level 9. HP: 49/81 MP: 0/14
  7270 | D:6      | Noticed Blork the orc
  7289 | D:5      | Reached skill level 5 in Shields
  7295 | D:5      | Killed Blork the orc
  7854 | D:7      | Found a radiant altar of Vehumet.
  7909 | D:7      | Noticed Prince Ribbit
  7918 | D:7      | Reached skill level 1 in Invocations
  7937 | D:7      | Killed Prince Ribbit
  7937 | D:7      | Reached skill level 2 in Invocations
  8094 | D:7      | Found a glowing golden altar of the Shining One.
  8094 | D:7      | Found a deep blue altar of Sif Muna.
  8118 | D:7      | Noticed Dowan
  8119 | D:7      | Noticed Duvessa
  8125 | D:7      | Killed Duvessa
  8125 | D:7      | Reached **** piety under Cheibriados
  8125 | D:7      | Reached skill level 3 in Invocations
  8128 | D:7      | Killed Dowan
  8559 | D:8      | Noticed a hornet
  8574 | D:7      | Reached XP level 10. HP: 83/94 MP: 11/15
  8625 | D:7      | Reached skill level 4 in Invocations
  8903 | D:8      | Noticed a two-headed ogre
  8916 | D:8      | Killed a two-headed ogre
  8916 | D:8      | Reached skill level 5 in Invocations
  8926 | D:8      | Reached ***** piety under Cheibriados
  9649 | D:9      | Found a viscous altar of Jiyva.
  9873 | D:9      | Noticed Joseph
  9889 | D:9      | Killed Joseph
  9889 | D:9      | Reached skill level 6 in Invocations
 10333 | D:9      | Learned a level 4 spell: Sticky Flame
 10662 | D:10     | Entered Level 10 of the Dungeon
 10694 | D:10     | Noticed a two-headed ogre
 10705 | D:10     | Killed a two-headed ogre
 10705 | D:10     | Reached skill level 7 in Invocations
 10705 | D:10     | Reached XP level 11. HP: 96/106 MP: 6/16
 10790 | D:10     | Found a staircase to the Orcish Mines.
 10796 | D:10     | Found a staircase to the Lair.
 10826 | D:10     | Reached ****** piety under Cheibriados
 12135 | Lair:1   | Entered Level 1 of the Lair of Beasts
 12486 | Lair:1   | Reached skill level 8 in Invocations
 12521 | Lair:1   | Reached skill level 10 in Fighting
 12580 | Lair:1   | Got a fine falchion
 12581 | Lair:1   | Identified the cursed +1 falchion of Nawecui {freeze, rPois
                  | rN++ MR- SInv} (You found it on level 1 of the Lair of
                  | Beasts)
 13237 | Lair:2   | Got a brightly glowing buckler
 13250 | Lair:2   | Identified the +1 buckler "Erouryi" {Regen+} (You found it
                  | on level 2 of the Lair of Beasts)
 13271 | Lair:2   | Found a shadowy altar of Dithmenos.
 13796 | Lair:3   | Reached skill level 9 in Invocations
 14114 | Lair:3   | Reached XP level 12. HP: 116/116 MP: 18/18
 14176 | Lair:3   | Found a glowing silver altar of Zin.
 14238 | Lair:3   | Noticed Urug
 14262 | Lair:3   | Killed Urug
 14262 | Lair:3   | Reached skill level 5 in Dodging
 14306 | Lair:3   | Found a staircase to the Snake Pit.
 14592 | Lair:3   | Found a sacrificial altar of Ru.
 15600 | Lair:4   | Noticed Sonja
 15602 | Lair:4   | Killed Sonja
 16092 | Lair:4   | Found a staircase to the Swamp.
 16385 | Lair:5   | Noticed an eight-headed hydra
 16390 | Lair:5   | Killed a seven-headed hydra
 16776 | Lair:5   | Reached skill level 1 in Evocations
 17055 | Lair:5   | Gained mutation: You can use your snake-like lower body to
                  | constrict enemies. [Naga growth]
 17055 | Lair:5   | Reached XP level 13. HP: 123/123 MP: 16/19
 17275 | Lair:6   | Entered Level 6 of the Lair of Beasts
 17415 | Lair:6   | Reached skill level 10 in Dodging
 17501 | Lair:6   | Reached skill level 5 in Evocations
 17517 | Lair:6   | Found a staircase to the Slime Pits.
 17529 | Lair:6   | Reached skill level 1 in Armour
 18708 | Lair:6   | Found a large runed door.
 18709 | Lair:6   | Found a large runed door.
 18718 | Lair:6   | Noticed a fire dragon
 18724 | Lair:6   | Killed a fire dragon
 18724 | Lair:6   | Reached skill level 5 in Armour
 19034 | Orc:1    | Entered Level 1 of the Orcish Mines
 19034 | Orc:1    | Noticed an ettin
 19045 | D:10     | Killed an ettin
 19425 | Orc:2    | Entered Level 2 of the Orcish Mines
 19695 | Orc:2    | Found a staircase to the Elven Halls.
 19936 | Orc:1    | Found a runed gate.
 19949 | Orc:1    | Found a runed gate.
 19949 | Orc:1    | Found a runed gate.
 19952 | Orc:1    | Noticed Arthanis's ghost (journeyman DEFE)
 19954 | Orc:1    | Found an opulent altar of Gozag.
 20145 | Orc:2    | Reached skill level 5 in Spellcasting
 20145 | Orc:2    | Reached XP level 14. HP: 116/132 MP: 21/21
 20636 | Orc:2    | Found a roughly hewn altar of Beogh.
 20674 | Orc:2    | Noticed Josephine
 20682 | Orc:2    | Killed Josephine
 21175 | Orc:2    | Found Wejiu's Magic Scroll Shoppe.
 21180 | Orc:2    | Found Qeinang's Magic Scroll Emporium.
 21432 | Orc:2    | Bought a scroll of noise for 18 gold pieces
 21432 | Orc:2    | Bought a scroll of fear for 63 gold pieces
 21435 | Orc:2    | Bought a scroll of immolation for 52 gold pieces
 21692 | Orc:2    | Found Zuecru Feha's Antique Weapon Boutique.
 21692 | Orc:2    | Found a one-way gate leading to the halls of Pandemonium.
 21692 | Orc:2    | Found Vawkelow's Gadget Shop.
 22031 | Orc:2    | Bought a scroll of identify for 30 gold pieces
 22031 | Orc:2    | Bought a scroll of identify for 30 gold pieces
 22031 | Orc:2    | Bought a scroll of identify for 30 gold pieces
 22033 | Orc:2    | Bought a scroll of identify for 36 gold pieces
 22033 | Orc:2    | Bought a scroll of identify for 36 gold pieces
 22033 | Orc:2    | Bought a scroll of identify for 36 gold pieces
 22033 | Orc:2    | Bought a scroll of identify for 36 gold pieces
 22033 | Orc:2    | Bought a scroll of identify for 36 gold pieces
 22041 | Orc:2    | Bought a scroll of teleportation for 54 gold pieces
 22043 | Orc:2    | Bought a scroll of teleportation for 45 gold pieces
 22125 | Elf:1    | Entered Level 1 of the Elven Halls
 22125 | Elf:1    | Noticed a deep elf annihilator
 22128 | Elf:1    | Killed a deep elf annihilator
 22128 | Elf:1    | Reached skill level 10 in Spellcasting
 22146 | Orc:2    | Reached skill level 10 in Invocations
 22496 | Elf:1    | Found Yceg's Antique Armour Shoppe.
 22500 | Elf:1    | Noticed a deep elf sorcerer
 22505 | Elf:1    | Killed a deep elf sorcerer
 22507 | Elf:1    | Reached skill level 11 in Invocations
 22508 | Elf:1    | Reached XP level 15. HP: 116/138 MP: 29/29
 22925 | Elf:1    | Reached skill level 12 in Invocations
 23550 | Elf:1    | Reached skill level 13 in Invocations
 23995 | Elf:2    | Noticed a deep elf sorcerer
 24049 | Elf:1    | Killed a deep elf sorcerer
 24608 | Elf:2    | Reached skill level 14 in Invocations
 24854 | Elf:2    | Found Attux's Antique Armour Boutique.
 25002 | Elf:2    | Noticed Donald
 25018 | Elf:2    | Killed Donald
 25522 | Elf:2    | Noticed Agnes
 25527 | Elf:2    | Killed Agnes
 25677 | Elf:2    | Identified the -2 cloak "Hise" {Int+5 Dex+2} (You found it
                  | on level 2 of the Elven Halls)
 25754 | Elf:2    | Reached XP level 16. HP: 126/146 MP: 30/30
 25934 | Elf:2    | Found a runed gate.
 25936 | Elf:2    | Found a runed gate.
 25939 | Elf:2    | Found a runed gate.
 25987 | Elf:2    | Bought a steaming plate armour for 616 gold pieces
 25987 | Elf:2    | Identified the +2 plate armour of Henotheism {rPois Regen+
                  | Slay-5 SInv} (You bought it in a shop on level 2 of the
                  | Elven Halls)
 26049 | Elf:2    | Reached skill level 10 in Evocations
 27131 | Elf:2    | Noticed a deep elf blademaster
 27133 | Elf:2    | Killed a deep elf blademaster
 27521 | Elf:3    | Entered Level 3 of the Elven Halls
 27744 | Elf:3    | Found Haajiwk's Magic Scroll Shoppe.
 27765 | Elf:3    | Bought a scroll of summoning for 123 gold pieces
 28075 | Elf:3    | Found an ancient bone altar of Kikubaaqudgha.
 28120 | Elf:3    | Found a portal to a secret trove of treasure.
 29173 | Elf:1    | Reached skill level 1 in Axes
 30312 | D:11     | Found a runed door.
 30313 | D:11     | Noticed Lanoc's ghost (journeyman HuSk)
 30331 | D:11     | Killed Lanoc's ghost
 30331 | D:11     | Reached skill level 5 in Axes
 30705 | D:12     | Reached XP level 17. HP: 141/163 MP: 31/31
 31666 | D:13     | Paralysed by an ogre mage for 3 turns
 31996 | D:13     | You fall through a shaft for 2 floors!
 31996 | D:15     | Entered Level 15 of the Dungeon
 32027 | D:15     | Found a staircase to the Depths.
 32162 | D:15     | Reached skill level 10 in Axes
 32834 | D:14     | Noticed Roxanne
 32836 | D:14     | Noticed Nessos
 32842 | D:14     | Killed Nessos
 32852 | D:14     | HP: 7/163 [Roxanne/iron shot (44)]
 32855 | D:14     | Killed from afar by Roxanne

Vault maps used:
D:1:      lightli_iron_boxes
D:2:      nicolae_qazlal_general_emergency
D:4:      kennysheep_mini_moat, uniq_ijyb
D:5:      zin_statuary, minmay_temple_entry_trees, first_ration
D:6:      old_forge, grunt_ministairs_13, dk_vineyard_1, uniq_menkaure,
          uniq_blork_the_orc
D:7:      nicolae_overflow_crystal_walls, gammafunk_temple_overflow_statue,
          uniq_duvessa, uniq_prince_ribbit1
D:9:      jiyva_altar_1, uniq_joseph
D:10:     lair_entry_dummy, orc_0_dummy
D:11:     ebering_ghost_inner_flame
D:12:     lemuel_castle_with_subvaults
D:13:     grunt_vaults_entry_fortified, special_room, blue_anna_alchemist
D:14:     minmay_box_of_statues, hangedman_decor_peaks_small, uniq_nessos,
          uniq_roxanne
D:15:     hangedman_depths_entry_civil_slaughter, minmay_misc_feat_plants
Temple:   nicolae_temple_elliptical
Lair:1:   minivault_19, grunt_forest_stairs_basic,
          chequers_serial_rivers_large_a, minmay_stone_trees_small
Lair:2:   basic_altar
Lair:3:   guppyfry_snake_entry_garden, basic_altar, lemuel_oklob_altar,
          uniq_urug
Lair:4:   minmay_swamp_entry_worms, infiniplex_staircase_pool,
          grunt_megastairs_1, lemuel_fruit_fields, uniq_sonja
Lair:5:   minivault_25
Lair:6:   cheibrodos_lair_end_hotspot, minmay_slime_entry_pillars
Orc:1:    ebering_ghost_gozag
Orc:2:    pf_orc_diabolical, basic_altar, uniq_josephine
Elf:1:    minmay_elf_arrival_circle, serial_shops, shop,
          hangedman_elf_represent, minivault_11, lemuel_flamethrower_2
Elf:2:    serial_shops, shop, sword_in_stone, uniq_donald
Elf:3:    minmay_elf_hall_x, basic_altar, enter_trove_2, serial_shops, shop

Skill      XL: |  1  2  3  4  5  6  7  8  9 10 11 12 13 14 15 16 17 |
---------------+----------------------------------------------------+-----
Conjurations   | 2 3 4 |  4.0
Poison Magic   | 1 2 3 4 |  4.0
Fire Magic     | 1 3 4 |  4.8
Fighting       | 1 2 5 7 9 10 13 | 13.0
Shields        | 2 4 6 8 9 |  9.0
Invocations    | 3 7 9 11 14 | 14.0
Dodging        | 4 9 10 | 10.0
Evocations     | 2 6 9 10 | 10.0
Armour         | 6 |  6.0
Spellcasting   | 5 10 | 10.0
Axes           | 6 11 | 11.9
Stealth        | |  3.0
Summonings     | |  1.0
Translocations | |  1.0

Action                   |  1- 3 |  4- 6 |  7- 9 | 10-12 | 13-15 | 16-18 || total
-------------------------+-------+-------+-------+-------+-------+-------++-------
Melee: Whip              |    34 |    14 |       |       |       |       ||    48
       Spear             |       |    68 |       |       |       |       ||    68
       Short sword       |       |    43 |   324 |   186 |       |       ||   553
       Hand axe          |       |       |       |   242 |   608 |    38 ||   888
       Constrict         |       |       |       |       |   142 |   137 ||   279
       War axe           |       |       |       |       |       |   572 ||   572
Throw: Javelin           |       |     3 |       |       |       |       ||     3
 Cast: Magic Dart        |    72 |    63 |    68 |    26 |     6 |       ||   235
       Mephitic Cloud    |       |     3 |     3 |     5 |     2 |       ||    13
       Conjure Flame     |       |     3 |     9 |    11 |     3 |       ||    26
       Sticky Flame      |       |       |       |    19 |     3 |       ||    22
       Blink             |       |       |       |     1 |       |       ||     1
Invok: Slouch            |       |       |       |     1 |     5 |    10 ||    16
       Temporal Distorti |       |       |       |       |     4 |     7 ||    11
 Abil: Spit Poison       |    10 |     7 |     2 |       |       |       ||    19
Evoke: Wand              |       |       |     3 |       |    10 |     4 ||    17
       Phial of floods   |       |       |       |       |       |     1 ||     1
  Use: Scroll            |     7 |     1 |    11 |     8 |     9 |    12 ||    48
       Potion            |       |       |     1 |       |     2 |       ||     3
 Stab: Sleeping          |     1 |     4 |     6 |    14 |     5 |     6 ||    36
       Confused          |       |       |     1 |     6 |       |       ||     7
       Distracted        |       |       |       |       |       |     2 ||     2
  Eat: Chunk             |     3 |     2 |     7 |    12 |    10 |    12 ||    46
       Ration            |       |     1 |     1 |     3 |     3 |     3 ||    11
Armor: Robe              |    33 |       |    28 |   189 |   140 |   222 ||   612
       Leather armour    |       |    93 |   122 |       |       |       ||   215
       Skin              |       |       |       |       |    33 |       ||    33
Dodge: Dodged            |    37 |    54 |    78 |   235 |   425 |   530 ||  1359
Block: Shield            |       |       |   158 |   443 |   569 |   544 ||  1714
       Reflection        |       |       |       |       |     8 |    47 ||    55

Table legend:
 A = Non-vault XP
 B = Vault XP
 C = Vault XP percentage of total XP
 D = Non-vault monster count
 E = Vault monster count
 F = Vault count percentage of total count
                 A         B        C        D         E       F
            +---------+---------+-------+---------+---------+-------
      Total |  130653 |   99003 |  43.1 |     605 |     304 |  33.4
            +---------+---------+-------+---------+---------+-------
        D:1 |      30 |       0 |   0.0 |      15 |       0 |   0.0
        D:2 |      75 |       0 |   0.0 |      24 |       0 |   0.0
        D:3 |     230 |       0 |   0.0 |      21 |       0 |   0.0
        D:4 |     145 |      36 |  19.9 |       7 |       1 |  12.5
        D:5 |     767 |     155 |  16.8 |      16 |       2 |  11.1
        D:6 |    1035 |     666 |  39.2 |      23 |      19 |  45.2
        D:7 |    1430 |     497 |  25.8 |      30 |       3 |   9.1
        D:8 |    1658 |       0 |   0.0 |      28 |       0 |   0.0
        D:9 |    1724 |     643 |  27.2 |      36 |       5 |  12.2
       D:10 |    4658 |       0 |   0.0 |      31 |       0 |   0.0
       D:11 |    6173 |    2789 |  31.1 |      41 |       2 |   4.7
       D:12 |    7825 |    3478 |  30.8 |      25 |      61 |  70.9
       D:13 |    5228 |    6833 |  56.7 |      27 |      32 |  54.2
       D:14 |   11917 |    8038 |  40.3 |      34 |      21 |  38.2
       D:15 |    3310 |    5331 |  61.7 |      11 |       6 |  35.3
     Lair:1 |    1618 |       0 |   0.0 |      10 |       0 |   0.0
     Lair:2 |    1054 |       0 |   0.0 |       7 |       0 |   0.0
     Lair:3 |    4867 |     972 |  16.6 |      23 |       2 |   8.0
     Lair:4 |    4785 |    1270 |  21.0 |      15 |       4 |  21.1
     Lair:5 |    5177 |       0 |   0.0 |      11 |       0 |   0.0
     Lair:6 |    7790 |    8192 |  51.3 |      30 |      31 |  50.8
      Orc:1 |    2204 |       0 |   0.0 |      19 |       0 |   0.0
      Orc:2 |    5771 |   18059 |  75.8 |      34 |      64 |  65.3
      Elf:1 |   24458 |    9240 |  27.4 |      37 |      14 |  27.5
      Elf:2 |   17024 |   32804 |  65.8 |      27 |      37 |  57.8
      Elf:3 |    9700 |       0 |   0.0 |      23 |       0 |   0.0
            +---------+---------+-------+---------+---------+-------
